 Dungeon Crawl Stone Soup version 0.31-a0-986-g5e6e4ef867 (webtiles) character file.

Game seed: 9862008672097790809

190 Crabhammer the Insei (level 5, -8/33 HPs)
             Began as an Octopode Shapeshifter on Nov 23, 2023.
             Shot with an arrow by a centaur (11 damage)
             ... on level 5 of the Dungeon.
             The game lasted 00:08:02 (2665 turns).

Crabhammer the Insei (Octopode Shapeshifter)        Turns: 2665, Time: 00:08:02

Health: -8/33      AC:  1    Str: 13    XL:     5   Next: 69%
Magic:  5/5        EV: 13    Int: 13    God:
Gold:   203        SH:  0    Dex: 13    Spells: 4/4 levels left

rFire   . . .        p - +8 spear of Exketz {freeze, rN+}
rCold   . . .        (no shield)
rNeg    + . .        (helmet currently unavailable)
rPois   .            (no amulet)
rElec   .            e - ring of see invisible
rCorr   .            (no ring)
SInv    +            (no ring)
Will    .....        (no ring)
Stlth   ++           (no ring)
HPRegen 0.25/turn    (no ring)
MPRegen 0.09/turn    (no ring)
                     (no ring)

%: no passive effects
@: beast-form
A: beast (slay +1), almost no armour, amphibious, 8 rings, camouflage 1,
gelatinous body 1, (nimble swimmer 1), tentacles
a: Begin Untransformation


You were on level 5 of the Dungeon.
You were a hulking beast.
You visited 1 branch of the dungeon, and saw 4 of its levels.

You collected 203 gold pieces.

Inventory:

Hand Weapons
 p - the +8 spear of Exketz (weapon) {freeze, rN+}
   (You found it on level 3 of the Dungeon)

   rN+:       It protects you from negative energy.
Missiles
 a - 3 boomerangs (quivered)
 g - 10 poisoned darts
 o - 2 throwing nets
Jewellery
 e - a ring of see invisible (left tentacle)
Talismans
 b - a beast talisman
 c - a flux talisman
Scrolls
 d - 2 scrolls of blinking {unknown}
 h - a scroll of revelation {unknown}
 l - 2 scrolls of identify {unknown}
 m - a scroll of fog {unknown}
 n - a scroll of poison {unknown}
Potions
 f - a potion of enlightenment {unknown}
 i - a potion of magic {unknown}
 j - a potion of degeneration {unknown}
 k - 2 potions of curing {unknown}
 q - a potion of attraction {unknown}
 r - a potion of might {unknown}


   Skills:
 - Level 1.0 Fighting
 - Level 2.0 Dodging
 + Level 6.2 Unarmed Combat
 - Level 3.0 Shapeshifting


You had 4 spell levels left.
You didn't know any spells.
Your spell library contained the following spells:

 Spells                   Type           Power      Damage    Failure   Level
 Freeze                   Ice            0%         1d3       30%         1
 Cigotuvi's Dreadful Rot  Necr/Pois/Air  0%         N/A       43%         2
 Dazzling Flash           Conj/Hex       0%         N/A       67%         3
 Frozen Ramparts          Ice            0%         1d1       67%         3
 Hailstorm                Conj/Ice       0%         3d3       67%         3
 Dispel Undead            Necr           0%         3d6       97%         4
 Agony                    Necr           0%         N/A       100%        5
 Silence                  Hex/Air        0%         N/A       100%        5
 Death Channel            Necr           0%         N/A       100%        6


Dungeon Overview and Level Annotations

Branches:
Dungeon (3/15)

Altars:

Shops:
D:2 [


Innate Abilities, Weirdness & Mutations

You are a hulking beast.
Your limbs bulge with bestial killing power. (Slay +1)
You cannot wear most types of armour.
You are amphibious.
You can wear up to eight rings at the same time.
Your skin changes colour to match your surroundings (Stealth+).
Your rubbery body absorbs attacks. (AC +1, EV +1)
((You are camouflaged when in or above water. (Stealth+)))
You have tentacles for arms and can constrict up to eight enemies at once.


Message History

Aim: a centaur, wielding a +0 orcbow (about 23% to evade the +8 spear of Exketz)
You reach to attack!
You closely miss the centaur.
The centaur shoots an arrow.
The arrow hits you!
The centaur shoots an arrow.
The arrow barely misses you.
Reach: p) +8 spear of Exketz {freeze, rN+}
Press: ? - help, Dir - move target, f/p - centaur
Aim: a centaur, wielding a +0 orcbow (about 22% to evade the +8 spear of Exketz)
You reach to attack!
You hit the centaur but do no damage.
The centaur shoots an arrow.
The arrow completely misses you.
Reach: p) +8 spear of Exketz {freeze, rN+}
Press: ? - help, Dir - move target, f/p - centaur
Aim: a centaur, wielding a +0 orcbow (about 22% to evade the +8 spear of Exketz)
You reach to attack!
You hit the centaur. You freeze the centaur.
The centaur is lightly wounded.
The centaur shoots an arrow.
The arrow completely misses you.
The centaur shoots an arrow.
The arrow barely misses you. The phantom barely misses you.
Reach: p) +8 spear of Exketz {freeze, rN+}
Press: ? - help, Dir - move target, f/p - centaur
Aim: a centaur, wielding a +0 orcbow (lightly wounded, about 22% to evade the +8 spear of Exketz)
You reach to attack!
You closely miss the centaur.
The centaur is lightly wounded.
The centaur shoots an arrow.
The arrow closely misses you. The phantom barely misses you.
The centaur shoots an arrow.
The arrow misses you.
Reach: p) +8 spear of Exketz {freeze, rN+}
Press: ? - help, Dir - move target, f/p - centaur
Aim: a centaur, wielding a +0 orcbow (lightly wounded, about 23% to evade the +8 spear of Exketz)
You reach to attack!
You puncture the centaur! You freeze the centaur.
The centaur is almost dead.
The centaur shoots an arrow.
The arrow hits you!
* * * LOW HITPOINT WARNING * * *
The phantom hits you.
* * * LOW HITPOINT WARNING * * *
The phantom blinks!
You blink.
Okay, then.
Okay, then.
You barely miss the phantom. The phantom hits you.
* * * LOW HITPOINT WARNING * * *
The centaur shoots an arrow.
The arrow hits you!
You die...

...##### .#. ..#
.......#### #. ........ .
##.##.#...###.#
...............
###.....#...#
......Wh.#.#
.######...#...#.....#
.........§.#..#.....#
######.#§c.###.....#
#...#..#..#...#
#....###...#.# ##
###...#...#...# #...
.$.....#.....#..# #.....
..###.........#####......


You could see a phantom and a centaur.

Vanquished Creatures
  An orc priest (D:2)
  An iguana (D:5)
  3 gnolls (D:3)
  5 adders
  2 worms (D:5)
  A dart slug (D:5)
  4 orcs (D:2)
  5 bats
  3 endoplasms (D:1)
  A giant cockroach (D:1)
  5 goblins
  3 hobgoblins (D:1)
  5 quokkas
  4 ball pythons
  2 frilled lizards (D:1)
  3 kobolds
  3 rats
51 creatures vanquished.

Notes
Turn   | Place    | Note
-------+----------+-------------------------------------------
     0 | D:1      | Crabhammer the Octopode Shapeshifter began the quest for
                  | the Orb.
     0 | D:1      | Reached XP level 1. HP: 13/13 MP: 1/1
   245 | D:1      | Reached XP level 2. HP: 18/18 MP: 2/2
  1064 | D:1      | Reached skill level 4 in Unarmed Combat
  1143 | D:2      | Reached XP level 3. HP: 23/23 MP: 3/3
  1151 | D:2      | Reached XP level 4. HP: 5/28 MP: 4/4
  1153 | D:2      | HP: 1/28 [orc/+0 dagger (2)]
  1505 | D:2      | Reached skill level 5 in Unarmed Combat
  1793 | D:2      | Found Xecoor's Antique Armour Shop.
  2368 | D:3      | Reached XP level 5. HP: 18/33 MP: 5/5
  2517 | D:3      | Identified the +8 spear of Exketz {freeze, rN+}
  2568 | D:3      | You fall into a shaft and drop 2 floors!
  2568 | D:5      | Entered Level 5 of the Dungeon
  2572 | D:5      | Noticed an ice beast
  2620 | D:5      | Reached skill level 6 in Unarmed Combat
  2654 | D:5      | Noticed a centaur
  2658 | D:5      | Noticed a phantom
  2665 | D:5      | Shot with an arrow by a centaur

Illustrated notes

Levels and vault maps discovered:
D:1:      dpeg_arrival_circle_labyrinth_b, layout_basic, serial_bayou_pond_a,
          kennysheep_crisscross, nicolae_titane
D:2:      layout_basic, serial_shops, nicolae_shop_back_alley_shop
D:3:      layout_loops_cross, mainiacjoe_overflow_alcove_2,
          mainiacjoe_overflow_six_doors_small
D:5:      layout_basic, vehumet_statue, st_stairs_5, hangedman_decor_opposing,
          roderic_batcave, minmay_splitting_lines, uniq_edmund

Skill      XL: |  1  2  3  4  5 |
---------------+----------------+-----
Unarmed Combat | 4 5 6 |  6.2
Fighting       | |  1.0
Dodging        | |  2.0
Shapeshifting  | |  3.0

Action                     |  1- 3 |  4- 6 || total
---------------------------+-------+-------++-------
  Melee: Unarmed           |    43 |    46 ||    89
         Constrict         |     9 |    15 ||    24
         Tentacles         |     5 |    11 ||    16
         Punch             |     1 |     1 ||     2
         Spear             |       |    15 ||    15
  Throw: Dart              |     1 |       ||     1
         Boomerang         |       |     4 ||     4
    Use: Potion            |       |     1 ||     1
   Stab: Sleeping          |     7 |     5 ||    12
 Armour: Skin              |    16 |    27 ||    43
  Dodge: Dodged            |    14 |    36 ||    50

Table legend: (Time is in decaauts)
 A = Elapsed time spent in this place.
 B = Non-inter-level travel time spent in this place.
 C = Inter-level travel time spent in this place.
 D = Time resting spent in this place.
 E = Time spent auto-exploring this place.
 F = Levels seen in this place.
 G = Mean time per level.
                   A        B        C        D        E       F      G
               +--------+--------+--------+--------+--------+-----+--------+
         Total |   2661 |   2552 |    109 |    213 |   1783 |   4 |  665.2 |
       Dungeon |   2661 |   2552 |    109 |    213 |   1783 |   4 |  665.2 |
               +--------+--------+--------+--------+--------+-----+--------+

Top non-repeatable levels by time:
     D:1: 1216 daAuts
     D:2: 1129 daAuts
     D:3: 217 daAuts
     D:5: 98 daAuts
